 Dungeon Crawl Stone Soup version 0.26-a0-651-gb41185065b (webtiles) character file.

Game seed: 6222536649753454408

267 sking99 the Chiller (level 6, -2/34 HPs)
             Began as a Deep Elf Ice Elementalist on Oct 16, 2020.
             Killed by nerve-wracking pain
             ... invoked by a shadow imp
              (12 damage)
             ... on level 5 of the Dungeon.
             The game lasted 00:11:28 (4262 turns).

sking99 the Chiller (Deep Elf Ice Elementalist)     Turns: 4262, Time: 00:11:28

Health: -2/34      AC:  3    Str:  7    XL:     6   Next: 0%
Magic:  8/15       EV: 13    Int: 20    God:
Gold:   109        SH:  0    Dex: 15    Spells: 10/14 levels left

rFire    . . .     SeeInvis .   e - +0 dagger
rCold    . . .     Faith    .   (no shield)
rNeg     . . .     Spirit   .   a - +0 robe
rPois    .         Reflect  .   (no helmet)
rElec    .         Harm     .   h - +0 cloak
rCorr    .         Rampage  .   (no gloves)
MR       .....                  (no boots)
Stlth    ++........             (no amulet)
HPRegen  0.11/turn              (no ring)
MPRegen  0.14/turn              (no ring)

@: no status effects
A: no striking features
a: no special abilities


You were on level 5 of the Dungeon.
You visited 1 branch of the dungeon, and saw 5 of its levels.

You collected 109 gold pieces.

Inventory:

Hand Weapons
 e - a +0 dagger (weapon)
Missiles
 d - 22 poisoned darts (quivered)
Armour
 a - a +0 robe (worn)
 b - a +1 buckler
 h - a +0 cloak (worn)
Jewellery
 o - an uncursed ring of protection from magic {unknown}
 t - an uncursed amulet of guardian spirit
Wands
 l - a wand of paralysis (6)
Scrolls
 g - a scroll of remove curse
 s - a scroll of blinking
Potions
 c - a potion of lignification {unknown}
 f - a potion of flight {unknown}
 i - 2 potions of might {unknown}
 r - a potion of haste {unknown}


   Skills:
 + Level 1.5 Fighting
 - Level 2.6 Dodging
 - Level 2.4 Stealth
 + Level 1.8 Shields
 + Level 4.7 Spellcasting
 * Level 6.2 Ice Magic


You had 10 spell levels left.
You knew the following spells:

 Your Spells              Type           Power        Failure   Level
a - Freeze                Ice            ####         1%          1
b - Frozen Ramparts       Ice            ####..       2%          3

Your spell library contained the following spells:

 Spells                   Type           Power        Failure   Level
 Ozocubu's Armour         Ice            ####....     2%          3
 Animate Skeleton         Necr           #.....       12%         1
 Apportation              Tloc           #.....       12%         1
 Corona                   Hex            #......      12%         1
 Summon Small Mammal      Summ           #...         12%         1
 Hailstorm                Conj/Ice       ###.....     32%         4
 Summon Ice Beast         Ice/Summ       ###.....     32%         4


Dungeon Overview and Level Annotations

Branches:
Dungeon (5/15)
 Temple: D:4-7

Altars:


Message History

The shadow imp completely misses you.
You hit the shadow imp.
The shadow imp is heavily wounded.
The shadow imp completely misses you.
You hit the shadow imp but do no damage.
The shadow imp is heavily wounded.
The shadow imp completely misses you.
You closely miss the shadow imp.
The shadow imp is heavily wounded.
The shadow imp grins evilly.
The shadow imp hits you.
* * * LOW HITPOINT WARNING * * *
You hit the shadow imp.
The shadow imp is almost dead.
The shadow imp barely misses you.
You barely miss the shadow imp.
The shadow imp is almost dead.
The shadow imp gestures at you. Pain shoots through your body!
You die...

........ .......
...... #....# ###
+....#...+
#....#...#
#....'..########.
#...5# #........
#...@####.......#
##..............#
#..............+
#..............#
#..............#
#..............#
########.....).+
#...(..#.......#
#......#.......#


You could see a shadow imp.

Vanquished Creatures
  A howler monkey (D:4)
  An orc wizard (D:4)
  A hound (D:4)
  2 worker ants (D:4)
  An adder (D:4)
  3 oozes
  3 worms
  2 dart slugs
  3 leopard geckos
  2 orcs (D:4)
  A ball python (D:3)
  9 bats
  5 giant cockroaches
  3 hobgoblins
  4 jackals
  10 kobolds
  5 frilled lizards
  15 goblins
  A leopard gecko skeleton (D:4)
  A quokka skeleton (D:4)
  9 rats
82 creatures vanquished.

Notes
Turn   | Place    | Note
-------+----------+-------------------------------------------
     0 | D:1      | sking99 the Deep Elf Ice Elementalist began the quest for
                  | the Orb.
     0 | D:1      | Reached XP level 1. HP: 10/10 MP: 6/6
   257 | D:1      | Reached XP level 2. HP: 15/15 MP: 6/8
   721 | D:1      | Reached skill level 5 in Ice Magic
   721 | D:1      | Reached XP level 3. HP: 16/19 MP: 8/10
  1530 | D:2      | Reached skill level 1 in Shields
  1958 | D:2      | Reached XP level 4. HP: 24/24 MP: 7/11
  2158 | D:3      | Learned a level 3 spell: Frozen Ramparts
  3313 | D:4      | Reached skill level 1 in Fighting
  3313 | D:4      | Reached XP level 5. HP: 20/29 MP: 9/13
  3820 | D:4      | Reached skill level 6 in Ice Magic
  4170 | D:5      | Entered Level 5 of the Dungeon
  4177 | D:5      | Reached XP level 6. HP: 34/34 MP: 13/15
  4262 | D:5      | Killed from afar by a shadow imp

Illustrated notes

Levels and vault maps discovered:
D:1:      shiori_arrival_maze, layout_loops_ring
D:2:      layout_basic
D:3:      layout_loops_cross
D:4:      layout_basic, dk_noncrumbling_3
D:5:      layout_gridville, overflow_temple_1_default

Skill      XL: |  1  2  3  4  5 |
---------------+----------------+-----
Ice Magic      | 5 6 |  6.2
Shields        | 1 |  1.8
Spellcasting   | 4 |  4.7
Fighting       | 1 |  1.5
Dodging        | |  2.6
Stealth        | |  2.4

Action                   |  1- 3 |  4- 6 || total
-------------------------+-------+-------++-------
Melee: Unarmed           |     5 |    12 ||    17
       Dagger            |       |     6 ||     6
 Cast: Freeze            |    67 |    69 ||   136
  Use: Scroll            |       |    12 ||    12
       Potion            |       |     1 ||     1
 Stab: Sleeping          |       |     1 ||     1
Armor: Robe              |     8 |     9 ||    17
Dodge: Dodged            |    27 |    29 ||    56
Block: Buckler           |     7 |     3 ||    10

Table legend: (Time is in decaauts)
 A = Elapsed time spent in this place.
 B = Non-inter-level travel time spent in this place.
 C = Inter-level travel time spent in this place.
 D = Time resting spent in this place.
 E = Time spent auto-exploring this place.
 F = Levels seen in this place.
 G = Mean time per level.
                   A        B        C        D        E       F      G
               +--------+--------+--------+--------+--------+-----+--------+
         Total |   4264 |   4134 |    130 |   1663 |   1527 |   5 |  852.8 |
       Dungeon |   4264 |   4134 |    130 |   1663 |   1527 |   5 |  852.8 |
               +--------+--------+--------+--------+--------+-----+--------+

Top non-repeatable levels by time:
     D:1: 1290 daAuts
     D:4: 1205 daAuts
     D:3: 861 daAuts
     D:2: 815 daAuts
     D:5: 91 daAuts
